 Dungeon Crawl Stone Soup version 0.22-a0-423-g4197694 (webtiles) character file.

245 Ijustatesigmund the Skirmisher (level 6, -1/63 HPs)
             Began as an Ogre Artificer on May 23, 2018.
             Killed by nerve-wracking pain
             ... invoked by Veiltonx's ghost
              (6 damage)
             ... on level 3 of the Dungeon.
             The game lasted 00:07:59 (3825 turns).

Ijustatesigmund the Skirmisher (Ogre Artificer)     Turns: 3825, Time: 00:07:59

Health: -1/63      AC:  3    Str: 17      XL:     6   Next: 10%
Magic:  7/7        EV: 16    Int: 14      God:
Gold:   133        SH:  0    Dex: 10 (11) Spells: 5/5 levels left

rFire    . . .     SeeInvis .   a - +0 flail
rCold    . . .     Gourm    .   (no shield)
rNeg     . . .     Faith    .   b - +0 robe
rPois    .         Spirit   .   (helmet restricted)
rElec    .         Reflect  .   (no cloak)
rCorr    .         Harm     .   (gloves unavailable)
MR       .....                  (boots unavailable)
Stlth    +.........             (no amulet)
HPRegen  0.20/turn              h - +5 ring of evasion
MPRegen  0.10/turn              n - +2 ring of intelligence

@: lethally poisoned (-1 -> -27)
A: large, unfitting armour, tough skin 1
a: no special abilities


You were on level 3 of the Dungeon.
You were not hungry.

You visited 1 branch of the dungeon, and saw 3 of its levels.

You collected 133 gold pieces.

Inventory:

Hand Weapons
 a - a +0 flail (weapon)
Missiles
 o - a throwing net (quivered)
Armour
 b - a +0 robe (worn)
Jewellery
 h - a +5 ring of evasion (left hand)
 m - an uncursed ring of fire
 n - a +2 ring of intelligence (right hand)
Wands
 c - a wand of flame (12)
 d - a wand of enslavement (1)
 e - a wand of random effects (11)
Scrolls
 i - a scroll of teleportation
 j - 3 scrolls of amnesia
 k - a scroll of fear {unknown}
 l - 2 scrolls of remove curse
 q - a scroll of identify
Comestibles
 f - 8 rations


   Skills:
 + Level 4.5 Fighting
   Level 0.8 Short Blades
 + Level 1.3 Maces & Flails
 - Level 4.4 Dodging
 - Level 0.6 Stealth
 - Level 2.4 Evocations


You had 5 spell levels left.
You didn't know any spells.
Your spell library was empty.

Dungeon Overview and Level Annotations

Branches:
Dungeon (3/15)

Altars:
Makhleb
Qazlal
Ru

Annotations:
D:3 Veiltonx's ghost, amateur DsNe


Innate Abilities, Weirdness & Mutations

You are too large for most types of armour.
You have tough skin. (AC +1)


Message History

Veiltonx's ghost completely misses you.
You hit Veiltonx's ghost but do no damage.
Veiltonx's ghost is moderately damaged.
* * * LOW HITPOINT WARNING * * *
You feel sick. Veiltonx's ghost hits you.
* * * LOW HITPOINT WARNING * * *
You are lethally poisoned!
You closely miss Veiltonx's ghost.
Veiltonx's ghost is moderately damaged.
* * * LOW HITPOINT WARNING * * *
You feel sick. Veiltonx's ghost closely misses you.
You sock Veiltonx's ghost!
Veiltonx's ghost is severely damaged.
* * * LOW HITPOINT WARNING * * *
You feel sick. Veiltonx's ghost hits you.
* * * LOW HITPOINT WARNING * * *
You are more poisoned.
Veiltonx's ghost casts a spell at you. Pain shoots through your body!
You die...

# #.# #.#...........#
#####.#####.#.####.####.#
........<...#.#.......#.#
#####.##.####.#.##.##.#.#
# #.##.####.#.#...#.#.###
# #............._.......#
# ####.####.#.#)..#.#.#.#
# #.# #.#.##.##.#.#.# #
#.# #.#.@W....#.#.# # #.#
#.####.####.#.#
########.# #.. ..
..#.#### .........# ###
#####....# ##########
####.# #.# #.# ... #.#
#.# #.# ####### #.# #.#


You could see Veiltonx's ghost.

Vanquished Creatures
  6 orcs
  A hound (D:2)
  A gnoll (D:3)
  3 adders
  A dart slug (D:2)
  3 leopard geckos (D:1)
  5 giant cockroaches
  8 goblins
  3 hobgoblins (D:1)
  6 jackals
  5 kobolds
  A quokka (D:2)
  5 bats
  6 frilled lizards (D:1)
  7 rats
61 creatures vanquished.

Vanquished Creatures (collateral kills)
  An orc warrior (D:2)
  A worm (D:3)
  A goblin (D:3)
  A jackal (D:3)
4 creatures vanquished.

Vanquished Creatures (others)
  An orc wizard (D:2)
  An orc priest (D:3)
  A kobold (D:1)
3 creatures vanquished.

Grand Total: 68 creatures vanquished

Notes
Turn   | Place    | Note
-------+----------+-------------------------------------------
     0 | D:1      | Ijustatesigmund the Ogre Artificer began the quest for the Orb.
     0 | D:1      | Reached XP level 1. HP: 19/19 MP: 2/2
   343 | D:1      | Reached XP level 2. HP: 29/29 MP: 3/3
   622 | D:1      | Reached XP level 3. HP: 16/39 MP: 4/4
  1547 | D:2      | Found a burning altar of Makhleb.
  1556 | D:2      | Reached XP level 4. HP: 39/48 MP: 5/5
  1618 | D:2      | Noticed an orc warrior
  1638 | D:2      | Killed an orc warrior
  1638 | D:2      | Reached XP level 5. HP: 10/54 MP: 6/6
  2667 | D:3      | Found a sacrificial altar of Ru.
  2722 | D:3      | Found a stormy altar of Qazlal.
  3553 | D:3      | Reached skill level 1 in Maces & Flails
  3553 | D:3      | Reached XP level 6. HP: 40/63 MP: 7/7
  3810 | D:3      | Noticed Veiltonx's ghost (amateur DsNe)
  3825 | D:3      | Killed from afar by Veiltonx's ghost

Vault maps used:
D:1:      moated_graveyard_arrival, minmay_lizard_pond
D:2:      makhleb_blood_cavern_becter, first_ration
D:3:      kennysheep_big_flooded_room, nicolae_ru_sacrificial_ziggurat,
          grunt_qazlal_sundering

Skill      XL: |  1  2  3  4  5 |
---------------+----------------+-----
Fighting       | 2 3 4 |  4.5
Dodging        | 3 4 |  4.4
Maces & Flails | 1 |  1.3
Short Blades   | |  0.8
Stealth        | |  0.6
Evocations     | |  2.4

Action                   |  1- 3 |  4- 6 || total
-------------------------+-------+-------++-------
Melee: Short sword       |   121 |    56 ||   177
       Flail             |       |    51 ||    51
       Mace              |       |    18 ||    18
Evoke: Wand              |     7 |    14 ||    21
  Use: Scroll            |     5 |     1 ||     6
       Potion            |       |     4 ||     4
 Stab: Sleeping          |       |     1 ||     1
  Eat: Chunk             |     1 |     8 ||     9
Armor: Robe              |    24 |    22 ||    46
Dodge: Dodged            |   105 |   137 ||   242

Table legend:
 A = Spawn XP
 B = Non-spawn XP
 C = Spawn XP percentage of total XP
 D = Spawn monster count
 E = Non-spawn monster count
 F = Spawn count percentage of total count
 G = Total turns spent on level
                    A         B        C        D         E        F      G
               +---------+---------+-------+---------+---------+-------+---------
         Total |       0 |     350 |   0.0 |       0 |      66 |   0.0 |  3825
               +---------+---------+-------+---------+---------+-------+---------
           D:1 |       0 |      52 |   0.0 |       0 |      32 |   0.0 |  1563
           D:2 |       0 |     197 |   0.0 |       0 |      15 |   0.0 |  1334
           D:3 |       0 |     101 |   0.0 |       0 |      19 |   0.0 |   928
               +---------+---------+-------+---------+---------+-------+---------
